 Dungeon Sprint DCSS version 0.27.1 (webtiles) character file.

Game seed: 4914186962464573630

2863 styxcanada the Unseen (level 9, -13/48 HPs)
             Began as a Spriggan Brigand on Aug 31, 2021.
             Was an Initiate of Gozag.
             Killed from afar by a spriggan druid (27 damage)
             ... with a stone arrow
             ... in the Dungeon (Sprint IV: "Fedhas' Mad Dash").
             The game lasted 00:08:54 (1344 turns).

styxcanada the Unseen (Spriggan Brigand)            Turns: 1344, Time: 00:08:54

Health: -13/48     AC:  3    Str:  7    XL:     9   Next: 47%
Magic:  18/20      EV: 24    Int: 12    God:    Gozag
Gold:   1225       SH:  0    Dex: 20    Spells: 18/21 levels left

rFire    . . .     SeeInvis +   a - +2 dagger
rCold    . . .     Faith    .   (shield restricted)
rNeg     . . .     Spirit   .   b - +0 robe
rPois    .         Reflect  .   (helmet restricted)
rElec    .         Harm     .   c - +0 cloak
rCorr    .         Rampage  .   (gloves unavailable)
Will     +....     NoTele   +   (boots unavailable)
Stlth    ++++++++..             l - amulet of invisibility {+Inv}
HPRegen  0.16/turn              (no ring)
MPRegen  0.17/turn              (no ring)

@: slightly contaminated, invisible, very quick
A: very small, no large weapons, unfitting armour, see invisible, speed 3
a: Renounce Religion, Evoke Invisibility, Potion Petition, Call Merchant, Bribe
Branch


You were in the Dungeon.
You worshipped Gozag.
Gozag was most pleased with you.
You visited 1 branch You collected 1573 gold pieces.
You spent 348 gold pieces at shops.

Inventory:

Hand Weapons
 a - a +2 dagger (weapon)
Armour
 b - a +0 robe (worn)
 c - a +0 cloak (worn)
Jewellery
 l - the amulet of invisibility (around neck) {+Inv}
   (You found it in the Dungeon)

   [amulet of nothing]

   +Inv:      It lets you turn invisible.
 o - an amulet of reflection
Scrolls
 j - a scroll of fear
 m - a scroll of enchant weapon
 n - 2 scrolls of identify
 p - a scroll of fog
Potions
 f - a potion of curing
 h - a potion of haste
 i - 2 potions of magic
Miscellaneous
 q - a phial of floods (inert)


   Skills:
 * Level 5.9 Fighting
 + Level 5.4 Short Blades
 + Level 6.4 Throwing
 * Level 9.3 Dodging
 * Level 20.0 Stealth
 * Level 6.7 Spellcasting
 * Level 6.5 Hexes
 * Level 4.5 Ice Magic
 * Level 9.2 Evocations


You had 18 spell levels left.
You knew the following spells:

 Your Spells              Type           Power      Damage    Failure   Level
a - Corona                Hex            21%        N/A       1%          1
b - Ensorcelled Hibernat  Hex/Ice        34%        N/A       2%          2

Your spell library contained the following spells:

 Spells                   Type           Power      Damage    Failure   Level
 Tukima's Dance           Hex            19%        N/A       3%          3
 Ozocubu's Armour         Ice            14%        N/A       8%          3
 Sting                    Tmut/Pois      16%        1d3       17%         1
 Poisonous Vapours        Pois/Air       8%         N/A       26%         2
 Olgreb's Toxic Radiance  Pois           4%         N/A       86%         4
 Ozocubu's Refrigeration  Ice            7%         4d6       100%        7


Dungeon Overview and Level Annotations

Branches:
Dungeon (1/1)

Altars:
Cheibriados
Dithmenos
Elyvilon
Gozag
Hepliaklqana
Kikubaaqudgha
Makhleb
Nemelex Xobeh
Okawaru
Qazlal
Ru
Sif Muna
Trog
Uskayaw
Vehumet
Wu Jian
Xom
Yredelemnul
Zin
The Shining One
Beogh
Jiyva
Lugonu

Shops:
D :?(?


Innate Abilities, Weirdness & Mutations

You are very small and have problems with some larger weapons.
You are too small for most types of armour.
You have supernaturally acute eyesight. (SInv)
You cover ground extremely quickly. (Speed+++)


Message History

The spriggan druid is healed somewhat.
The moth of wrath misses you. The moth of wrath barely misses you.
The hornet buzzes angrily.
The hornet misses you.
The moth of wrath goads the hornet on!
The hornet goes berserk!
The hornet completely misses you. The hornet barely misses you.
There is an open door here.
The spriggan druid calls out to the beasts of the wild!
You fade into invisibility!
You are lightly contaminated with residual magic.
The hornet completely misses you. The hornet misses you.
The hornet completely misses you.
You strike the helpless hornet from behind!
You perforate the hornet like a sieve!!!
The hornet is severely wounded.
The hornet closely misses you.
Unknown command.
There is an open door here.
There is an open door here.
Throw: dart (curare)
Press: ? - help, Q - select action, (/) - cycle Shift-Dir - straight line, f - moth of wrath
Aim: a moth of wrath (wandering, hasn't noticed you, 67% to hit)
You throw a curare-tipped dart.
The curare-tipped dart hits the moth of wrath.
The moth of wrath is poisoned.
The moth of wrath convulses.
The moth of wrath seems to slow down.
The moth of wrath is lightly wounded.
Unknown command.
Aim the phial where?
Press: ? - help, Shift-Dir - straight line, f/p - moth of wrath
Aim: a moth of wrath (lightly wounded, wandering, very poisoned, slow, hasn't noticed you)
The torrent of water misses the spriggan druid.
The torrent of water misses the moth of wrath.
The wave splashes down.
The moth of wrath is engulfed in water.
The spriggan druid points at you and mumbles some strange words.
The stone arrow hits you!!
Ouch! That really hurt!
You die...
Your body crumbles into a pile of gold.

#################################
<†..#.....#.....#.⌠._._._._.⌠.#..
PP..'.....'.#..)@.._._._._._..)..
PPPP#.....#.#...#..._._._._...#..
##############'##.._._._._._..#..
...♣........yi..#._._._._._.⌠.###
......♣....(#...###############
§i(.(♣..♣≈≈######♣♣♣♣♣.(♣$# $
#'####'######.['...(..♣..♣#
..#....'....s.(#♣..♣♣♣.♣..#
..#..###.......#.♣♣.!♣.$$♣+ $


You could see a spriggan druid (very poisoned) and a hornet (wandering,
berserk).

Vanquished Creatures
  2 oklob plants (D)
  3 wandering mushrooms (D)
  A queen bee (D)
  3 burning bushes (D)
  3 scorpions (D)
  4 killer bees (D)
  5 oklob saplings (D)
  2 spriggans (D)
  A river rat (D)
  A rat (D)
25 creatures vanquished.

Vanquished Creatures (others)
  A fungus (D)
1 creature vanquished.

Grand Total: 26 creatures vanquished

Notes
Turn   | Place    | Note
-------+----------+-------------------------------------------
     0 | D        | styxcanada the Spriggan Brigand began the quest for the
                  | Orb.
     0 | D        | Reached XP level 1. HP: 10/10 MP: 2/2
    23 | D        | Reached skill level 6 in Stealth
    25 | D        | Reached skill level 7 in Stealth
    25 | D        | Reached XP level 2. HP: 9/15 MP: 3/3
   136 | D        | Noticed an oklob sapling
   138 | D        | Killed an oklob sapling
   139 | D        | Reached skill level 9 in Stealth
   139 | D        | Reached XP level 3. HP: 19/19 MP: 4/4
   140 | D        | Noticed a scorpion
   140 | D        | Found the amulet of invisibility {+Inv}
   142 | D        | Killed a scorpion
   143 | D        | Reached skill level 11 in Stealth
   143 | D        | Reached XP level 4. HP: 23/23 MP: 5/5
   165 | D        | Found an opulent altar of Gozag.
   165 | D        | Found a hazy altar of Hepliaklqana.
   165 | D        | Found a burning altar of Makhleb.
   165 | D        | Found a sparkling altar of Nemelex Xobeh.
   165 | D        | Found a snail-covered altar of Cheibriados.
   165 | D        | Found a sacrificial altar of Ru.
   165 | D        | Found a shimmering blue altar of Sif Muna.
   165 | D        | Found a shimmering altar of Xom.
   165 | D        | Found a basalt altar of Yredelemnul.
   166 | D        | Found a viscous altar of Jiyva.
   166 | D        | Found a bloodstained altar of Trog.
   166 | D        | Found an ornate altar of the Wu Jian Council.
   167 | D        | Found an iron altar of Okawaru.
   167 | D        | Found a shadowy altar of Dithmenos.
   167 | D        | Found a glowing silver altar of Zin.
   168 | D        | Found an ancient bone altar of Kikubaaqudgha.
   168 | D        | Found a hide-covered altar of Uskayaw.
   169 | D        | Found a stormy altar of Qazlal.
   169 | D        | Found a white marble altar of Elyvilon.
   169 | D        | Found a glowing golden altar of the Shining One.
   170 | D        | Became a worshipper of Gozag Ym Sagoz the Greedy
   171 | D        | Found a corrupted altar of Lugonu.
   171 | D        | Found a radiant altar of Vehumet.
   175 | D        | Reached skill level 13 in Stealth
   175 | D        | Reached XP level 5. HP: 28/28 MP: 3/6
   187 | D        | Reached skill level 5 in Dodging
   187 | D        | Reached skill level 1 in Evocations
   237 | D        | Reached skill level 14 in Stealth
   392 | D        | Reached skill level 15 in Stealth
   392 | D        | Reached XP level 6. HP: 18/33 MP: 7/7
   560 | D        | Found Yjy Boav's Magic Scroll Shop.
   560 | D        | Found Towiles's Book Emporium.
   566 | D        | Bought a book of Maledictions for 252 gold pieces
   568 | D        | Learned a level 1 spell: Corona
   571 | D        | Learned a level 2 spell: Ensorcelled Hibernation
   572 | D        | Bought 2 scrolls of identify for 52 gold pieces
   585 | D        | Noticed a burning bush
   585 | D        | Noticed a wandering mushroom
   586 | D        | Noticed a wandering mushroom
   590 | D        | Killed a wandering mushroom
   591 | D        | Reached skill level 5 in Throwing
   591 | D        | Reached skill level 16 in Stealth
   591 | D        | Reached skill level 1 in Ice Magic
   591 | D        | Killed a wandering mushroom
   592 | D        | Reached skill level 17 in Stealth
   592 | D        | Reached XP level 7. HP: 23/38 MP: 5/13
   744 | D        | Killed a burning bush
   745 | D        | Reached skill level 5 in Evocations
   747 | D        | Found Gimm's Magic Scroll Emporium.
   747 | D        | Found Ysmis's Weapon Shoppe.
   768 | D        | Bought a scroll of identify for 22 gold pieces
   768 | D        | Bought a scroll of identify for 22 gold pieces
   856 | D        | Reached XP level 8. HP: 42/42 MP: 12/15
   862 | D        | Noticed a queen bee
   869 | D        | Killed a queen bee
   870 | D        | Reached skill level 5 in Fighting
   870 | D        | Reached skill level 18 in Stealth
   872 | D        | Reached skill level 5 in Spellcasting
   875 | D        | Reached skill level 5 in Hexes
  1037 | D        | Noticed an oklob plant
  1040 | D        | Killed an oklob plant
  1114 | D        | Noticed a burning bush
  1117 | D        | Killed a burning bush
  1118 | D        | Reached skill level 19 in Stealth
  1118 | D        | Reached XP level 9. HP: 47/47 MP: 15/18
  1199 | D        | Noticed a burning bush
  1199 | D        | Noticed an oklob plant
  1200 | D        | Noticed a wandering mushroom
  1201 | D        | Killed a burning bush
  1202 | D        | Reached skill level 5 in Short Blades
  1206 | D        | Killed an oklob plant
  1211 | D        | Killed a wandering mushroom
  1212 | D        | Reached skill level 20 in Stealth
  1229 | D        | Identified the +5 plate armour of Wrong Decisions {rF+
                  | Int+3}
  1281 | D        | Noticed a spriggan druid
  1312 | D        | Noticed a moth of wrath
  1313 | D        | Noticed a ghost moth
  1344 | D        | Killed from afar by a spriggan druid

Illustrated notes

Levels and vault maps discovered:
D:        dungeon_sprint_fedhas [sprint_temple]

Skill      XL: |  1  2  3  4  5  6  7  8  9 |
---------------+----------------------------+-----
Stealth        | 7 9 11 13 15 17 19 20 | 20.0
Dodging        | 2 3 4 5 7 8 9 |  9.3
Fighting       | 2 3 4 5 |  5.9
Throwing       | 3 4 5 6 |  6.4
Short Blades   | 3 4 5 |  5.4
Evocations     | 1 4 5 7 9 |  9.2
Spellcasting   | 3 4 5 6 |  6.7
Hexes          | 3 4 5 6 |  6.5
Ice Magic      | 2 4 |  4.5

Action                   |  1- 3 |  4- 6 |  7- 9 || total
-------------------------+-------+-------+-------++-------
Melee: Dagger            |    10 |     7 |    38 ||    55
Throw: Dart              |    10 |    13 |     9 ||    32
 Cast: Corona            |       |       |     1 ||     1
 Abil: Evoke Invisibilit |       |     3 |     7 ||    10
Evoke: Phial of floods   |       |       |     1 ||     1
  Use: Scroll            |       |     1 |     3 ||     4
       Potion            |       |       |     3 ||     3
 Stab: Sleeping          |     2 |     4 |    12 ||    18
       Invisible         |       |       |     2 ||     2
Dodge: Dodged            |     3 |     6 |    20 ||    29
